 Dungeon Crawl Stone Soup version 0.18.1-48-g4cf74bf (webtiles) character file.

131 tyranidshit the Skirmisher (level 4, -6/40 HPs)
             Began as a Demonspawn Abyssal Knight on Sept 8, 2016.
             Was a Follower of Lugonu.
             Mangled by Natasha (8 damage)
             ... on level 2 of the Dungeon.
             The game lasted 00:04:12 (1521 turns).

tyranidshit the Skirmisher (DsAK)                   Turns: 1521, Time: 00:04:13

Health: -6/40      AC:  3    Str: 13    XL:     4   Next: 91%
Magic:  0/5        EV: 11    Int: 14    God:    Lugonu [*.....]
Gold:   95         SH:  0    Dex: 12    Spells: 0 memorised, 3 levels left

rFire  . . .     SeeInvis .     a - +1 hand axe
rCold  . . .     Gourm    .     b - +0 leather armour
rNeg   . . .     Faith    .     (no shield)
rPois  .         Spirit   +     (no helmet)
rElec  .         Dismiss  .     (no cloak)
rCorr  .         Reflect  .     (no gloves)
SustAt .         Harm     .     (no boots)
MR     .....                    (no amulet)
Stlth  +.........               (no ring)
                                (no ring)

@: slowed, very slow, not resistant to hostile enchantments, very unstealthy
A: magic shield
a: Depart the Abyss, Renounce Religion


You were on level 2 of the Dungeon.
You worshipped Lugonu.
Lugonu was aware of your devotion.
You were not hungry.

You visited 1 branch of the dungeon, and saw 2 of its levels.
You visited the Abyss 1 time.

You collected 95 gold pieces.

Inventory:

Hand Weapons
 a - a +1 hand axe (weapon)
Armour
 b - a +0 leather armour (worn)
Scrolls
 e - a scroll of remove curse
Potions
 g - a potion of cancellation
Comestibles
 d - a meat ration
 f - a royal jelly


   Skills:
 + Level 5.7 Fighting
 - Level 1.7 Axes
 - Level 1.7 Armour
 - Level 0.8 Dodging
 - Level 2.4 Invocations


You had 3 spell levels left.
You didn't know any spells.

Dungeon Overview and Level Annotations

Branches:
Dungeon (2/15)

Altars:
Fedhas
Pakellas
Ru

Annotations:
D:2 Natasha


Innate Abilities, Weirdness & Mutations

When hurt, damage is shared between your health and your magic reserves.


Message History

You barely miss Natasha.
Natasha is moderately wounded.
Natasha barely misses you. Natasha claws you.
* * * LOW HITPOINT WARNING * * *
Unknown command.
You barely miss Natasha.
Natasha is moderately wounded.
Natasha mumbles some strange words.
Unknown command.
Read which item? (? for menu, Esc to quit)
As you read the scroll labeled ATADADGH TEUGIPP, it crumbles to dust.
The creatures around you are filled with an inner flame!
It was a scroll of immolation.
Natasha casts a spell at you.
You feel yourself slow down. The shadow imp gestures at you.
Pain shoots through your body!
You see here 19 sling bullets.
Natasha claws you!
You die...

....# #P.♣PP.#...# ##.####.#.....
....# #.P♣♣......# #.# #.#.....
....####PP♣.##...# #.# #.......
......##...###...# #.# ####.#.##
......##.♣## #...####.###........
......##.#####...##.....#.#......
#...####................#.#..#...
....# #..........(5.....#.#......
.##.###.........@h.....>#.....#..
........######...##.....#.#......
#####.### #...########........
...##.# ###...### #.#######
.#.##.# #.......# #.# ....#.#
#.#...#.# #†####### ###...#
#.#...#.# #.##..... # #...#
♣♣♣.....# #.##)#### ###...#
♣♣♣♣###.######.##.####


You could see Natasha (inner flame) and a shadow imp.

Vanquished Creatures
  Jessica (D:2)
  Natasha (twice) (D:2)
  2 adders (D:2)
  An ooze (D:1)
  A worm (D:2)
  3 giant geckos
  2 ball pythons
  4 giant cockroaches (D:1)
  3 goblins
  2 hobgoblins (D:1)
  A bat (D:1)
  3 giant newts (D:1)
  5 kobolds
  2 rats (D:1)
32 creatures vanquished.

Notes
Turn   | Place    | Note
--------------------------------------------------------------
     0 | Abyss:1  | tyranidshit the Demonspawn Abyssal Knight began the quest for the Orb.
     0 | Abyss:1  | Reached XP level 1. HP: 18/18 MP: 2/2
     0 | Abyss:1  | Found a corrupted altar of Lugonu.
    76 | Abyss:1  | Found a corrupted altar of Lugonu.
    83 | Abyss:1  | Found a corrupted altar of Lugonu.
   112 | Abyss:1  | Noticed a large abomination
   139 | Abyss:1  | Noticed a large abomination
   157 | D:1      | Escaped the Abyss
   324 | D:1      | Gained mutation: When hurt, damage is shared between your health and your magic reserves. [demonic ancestry]
   324 | D:1      | Reached XP level 2. HP: 24/24 MP: 3/3
   394 | D:1      | Reached * piety under Lugonu
   516 | D:1      | Reached skill level 4 in Fighting
   691 | D:1      | Reached XP level 3. HP: 25/30 MP: 2/4
   960 | D:2      | Noticed Jessica
   970 | D:2      | Killed Jessica
  1071 | D:2      | Found a blossoming altar of Fedhas.
  1076 | D:2      | Found a sacrificial altar of Ru.
  1089 | D:2      | Found an oddly glowing altar of Pakellas.
  1108 | D:2      | Noticed Natasha
  1117 | D:2      | Killed Natasha
  1117 | D:2      | Reached skill level 5 in Fighting
  1117 | D:2      | Reached XP level 4. HP: 17/39 MP: 1/5
  1291 | D:2      | Noticed Natasha
  1298 | D:2      | Killed Natasha
  1503 | D:2      | Noticed Natasha
  1517 | D:2      | HP: 1/40 [Natasha (5)]
  1521 | D:2      | Mangled by Natasha

Skill      XL: |  1  2  3 |
---------------+----------+-----
Fighting       | 4 5 |  5.7
Axes           | |  1.7
Armour         | |  1.7
Dodging        | |  0.8
Invocations    | |  2.4

Action                   |  1- 3 |  4- 6 || total
-------------------------+-------+-------++-------
Melee: Hand axe          |   105 |    41 ||   146
Invok: Depart the Abyss  |     1 |       ||     1
  Use: Potion            |     2 |     3 ||     5
       Scroll            |     2 |     1 ||     3
 Stab: Sleeping          |     1 |       ||     1
  Eat: Bread ration      |     1 |       ||     1
Armor: Leather armour    |    22 |     8 ||    30
Dodge: Dodged            |    88 |    26 ||   114
